 Dungeon Crawl Stone Soup version 0.21.1-1-g345015fe64 (webtiles) character file.

452 Gargoyl the Skirmisher (level 6, -6/52 HPs)
             Began as a Centaur Abyssal Knight on July 30, 2018.
             Was a Believer of Lugonu.
             Mangled by Menkaure (13 damage)
             ... on level 5 of the Dungeon.
             The game lasted 00:07:14 (4543 turns).

Gargoyl the Skirmisher (Centaur Abyssal Knight)     Turns: 4543, Time: 00:07:14

Health: -6/52      AC:  7    Str: 15    XL:     6   Next: 75%
Magic:  8/8        EV:  8    Int: 11    God:    Lugonu [**....]
Gold:   166        SH:  0    Dex: 10    Spells: 5/5 levels left

rFire    . . .     SeeInvis .   n - +3 war axe (freeze)
rCold    . . .     Gourm    .   (no shield)
rNeg     . . .     Faith    .   e - +0 ring mail
rPois    .         Spirit   .   d - +0 helmet
rElec    .         Reflect  .   (no cloak)
rCorr    .         Harm     .   (no gloves)
MR       .....                  (no barding)
Stlth    ..........             (no amulet)
HPRegen  0.17/turn              (no ring)
MPRegen  0.11/turn              (no ring)

@: very quick
A: large, hooves 3, deformed body, speed 2, tough skin 3
a: Depart the Abyss, Bend Space, Renounce Religion


You were on level 5 of the Dungeon.
You worshipped Lugonu.
Lugonu was pleased with you.
You were not hungry.

You visited 1 branch of the dungeon, and saw 5 of its levels.
You visited the Abyss 1 time.

You collected 166 gold pieces.

Inventory:

Hand Weapons
 a - a +1 hand axe
 n - a +3 war axe of freezing (weapon)
Armour
 d - a +0 helmet (worn)
 e - a +0 ring mail (worn)
Wands
 o - a wand of polymorph (12)
Scrolls
 g - 2 scrolls of teleportation
 j - a scroll of identify
 l - 3 scrolls of enchant weapon
Potions
 b - 2 potions of might
 f - a potion of magic {unknown}
 h - 2 potions of resistance {unknown}
 i - a potion of cancellation {unknown}
 k - a potion of heal wounds {unknown}
 m - a potion of flight {unknown}
Comestibles
 c - 6 rations
 p - 4 chunks of flesh


   Skills:
 + Level 3.7 Fighting
 + Level 3.5 Axes
 * Level 3.0 Armour
 + Level 1.4 Dodging
 * Level 1.4 Stealth
 * Level 3.6 Invocations


You had 5 spell levels left.
You didn't know any spells.

Dungeon Overview and Level Annotations

Branches:
Dungeon (5/15)             Temple (0/1) D:4

Altars:
Cheibriados

Annotations:
D:5 Menkaure


Innate Abilities, Weirdness & Mutations

You have hooves in place of feet.
Armour fits poorly on your strangely shaped body.
You cover ground very quickly.
You have extremely tough skin. (AC +3)


Message History

This raw flesh tastes terrible.
HP restored.
Menkaure, Prince of Dust comes into view.
Menkaure shouts!
Menkaure mumbles some strange words.
Menkaure seems to speed up.
Menkaure hits you.
You hit Menkaure. You freeze Menkaure. You kick Menkaure, but do no damage.
Menkaure is lightly damaged.
Menkaure hits you.
Menkaure calls on the powers of darkness!
Your body is wracked with pain!
You barely miss Menkaure.
Menkaure is lightly damaged.
Menkaure hits you!
* * * LOW HITPOINT WARNING * * *
You hit Menkaure.
Menkaure is moderately damaged.
Menkaure hits you!
You die...

####.######....
#...........###
#..............
#...........###
#...........# #
#######.#....### #
#.......#.#### #
#.####..#.# #####
#@# #..#.# #....
#M# #..#.# #.###
..#######.####.###
#............†#.#.≈
#.....#≈##...†...≈≈
#...≈ ###.....≈≈
#...# ≈≈≈...#.≈≈
#..≈# ≈≈#≈##..##.≈
≈≈≈ #.#####


You could see Menkaure.

Vanquished Creatures
  An ogre (D:5)
  A scorpion (D:4)
  2 howler monkeys
  A hound (D:4)
  Jessica (D:3)
  A worker ant (D:4)
  An iguana (D:4)
  5 adders
  An ooze (D:2)
  3 dart slugs
  2 leopard geckos
  An orc (D:4)
  4 giant cockroaches
  4 goblins (D:1)
  5 hobgoblins
  20 jackals
  3 quokkas
  3 ball pythons
  A ball python skeleton (D:4)
  4 bats
  3 frilled lizards
  6 kobolds
  A leopard gecko skeleton (D:4)
  5 rats
79 creatures vanquished.

Notes
Turn   | Place    | Note
-------+----------+-------------------------------------------
     0 | Abyss:1  | Gargoyl the Centaur Abyssal Knight began the quest for the Orb.
     0 | Abyss:1  | Reached XP level 1. HP: 19/19 MP: 2/2
    88 | Abyss:1  | Noticed a hell hound
    91 | Abyss:1  | Noticed a large abomination
    92 | Abyss:1  | Noticed a hell hog
    95 | D:1      | Escaped the Abyss
   651 | D:1      | Reached XP level 2. HP: 24/26 MP: 3/3
  1171 | D:1      | Reached * piety under Lugonu
  1676 | D:2      | Reached XP level 3. HP: 27/31 MP: 4/4
  1772 | D:2      | Reached skill level 1 in Dodging
  2252 | D:2      | Reached XP level 4. HP: 28/38 MP: 6/6
  2655 | D:3      | Noticed Jessica
  2659 | D:3      | Killed Jessica
  2886 | D:3      | Reached ** piety under Lugonu
  3247 | D:4      | Reached XP level 5. HP: 25/45 MP: 7/7
  3529 | D:4      | Reached skill level 1 in Stealth
  3722 | D:4      | Reached XP level 6. HP: 39/51 MP: 8/8
  3816 | D:4      | Found a staircase to the Ecumenical Temple.
  4250 | D:5      | Entered Level 5 of the Dungeon
  4250 | D:5      | Found a snail-covered altar of Cheibriados.
  4538 | D:5      | Noticed Menkaure
  4543 | D:5      | Mangled by Menkaure

Skill      XL: |  1  2  3  4  5  6 |
---------------+-------------------+-----
Axes           | 2 3 |  3.5
Dodging        | 1 |  1.4
Armour         | 2 3 |  3.0
Invocations    | 3 |  3.6
Stealth        | 1 |  1.4
Fighting       | |  3.7

Action                   |  1- 3 |  4- 6 || total
-------------------------+-------+-------++-------
Melee: Hand axe          |   104 |     7 ||   111
       Kick              |    13 |    20 ||    33
       War axe           |       |    86 ||    86
       Unarmed           |       |     3 ||     3
Invok: Depart the Abyss  |     1 |       ||     1
  Use: Scroll            |       |     3 ||     3
  Eat: Ration            |     1 |       ||     1
       Chunk             |       |     6 ||     6
Armor: Ring mail         |    68 |    56 ||   124
       Skin              |       |     2 ||     2
Dodge: Dodged            |    62 |    47 ||   109
